 Dungeon Crawl Stone Soup version 0.27.0-1-g7a089689b8 (webtiles) character file.

Game seed: 17499925091627726749

5385 quinnr the Jinx (level 10, 0/67 HPs)
             Began as a Spriggan Enchanter on Aug 18, 2021.
             Was a Follower of Wu Jian.
             Slain by a manticore (13 damage)
             ... on level 12 of the Dungeon.
             The game lasted 00:37:30 (15288 turns).

quinnr the Jinx (Spriggan Enchanter)               Turns: 15288, Time: 00:37:31

Health: 0/67       AC: 10    Str:  4    XL:     10   Next: 39%
Magic:  12/21      EV: 22    Int: 21    God:    Wu Jian [*.....]
Gold:   1122       SH:  0    Dex: 15    Spells: 4/22 levels left

rFire    . . .     SeeInvis +   a - +2 dagger
rCold    . . .     Faith    .   (shield restricted)
rNeg     . . .     Spirit   .   p - +2 robe {Will+}
rPois    .         Reflect  .   (helmet restricted)
rElec    .         Harm     .   o - +1 cloak
rCorr    .         Rampage  .   (gloves unavailable)
Will     ++...                  (boots unavailable)
Stlth    ..........             (no amulet)
HPRegen  0.21/turn              h - ring of flight
MPRegen  0.17/turn              r - +4 ring of protection

@: berserking (expiring), flying, hasted, very quick
A: very small, no large weapons, unfitting armour, see invisible, speed 3
a: Renounce Religion


You were on level 12 of the Dungeon.
You worshipped Wu Jian.
Wu Jian was aware of your devotion.
You visited 2 branches of the dungeon, and saw 11 of its levels.
You also visited: Bailey.

You collected 1122 gold pieces.

Inventory:

Hand Weapons
 a - a +2 dagger (weapon)
 c - a +1 short sword of holy wrath
Missiles
 f - 17 poisoned darts
Armour
 b - a +0 robe
 o - a +1 cloak (worn)
 p - a +2 robe of willpower (worn)
Jewellery
 g - a ring of resist corrosion
 h - a ring of flight (left hand)
 i - an amulet of guardian spirit
 r - a +4 ring of protection (right hand)
Wands
 s - a wand of iceblast (12)
 u - a wand of polymorph (14)
 w - a wand of charming (3)
 y - a wand of mindburst (31)
 A - a wand of acid (8)
Scrolls
 e - a scroll of magic mapping
 j - a scroll of enchant weapon
 z - a scroll of blinking
 C - 3 scrolls of teleportation
Potions
 d - 2 potions of magic
 k - a potion of attraction
 l - a potion of haste
 m - 5 potions of heal wounds
 n - 3 potions of curing
 q - a potion of flight
 v - a potion of brilliance
 x - a potion of resistance
 B - a potion of degeneration


   Skills:
 - Level 1.0 Fighting
 - Level 3.0 Short Blades
 - Level 9.0 Dodging
 - Level 9.0 Stealth
 + Level 6.8 Spellcasting
 + Level 12.4 Hexes
 - Level 4.0 Earth Magic
 - Level 4.0 Evocations


You had 4 spell levels left.
You knew the following spells:

 Your Spells              Type           Power      Damage    Failure   Level
a - Corona                Hex            62%        N/A       1%          1
b - Ensorcelled Hibernat  Hex/Ice        66%        N/A       1%          2
c - Tukima's Dance        Hex            56%        N/A       1%          3
d - Leda's Liquefaction   Hex/Erth       20%        N/A       3%          4
e - Slow                  Hex            56%        N/A       1%          2
f - Inner Flame           Hex/Fire       33%        N/A       1%          3
g - Dazzling Flash        Conj/Hex       66%        N/A       1%          3

Your spell library contained the following spells:

 Spells                   Type           Power      Damage    Failure   Level
 Confusing Touch          Hex            56%        N/A       1%          3
 Portal Projectile        Hex/Tloc       66%        N/A       1%          3
 Cause Fear               Hex            28%        N/A       1%          4
 Foxfire                  Conj/Fire      28%        2x1d5     9%          1
 Pain                     Necr           28%        1d5       9%          1
 Sublimation of Blood     Necr           3%         N/A       14%         2
 Wereblood                Tmut           7%         N/A       14%         2
 Call Canine Familiar     Summ           7%         N/A       26%         3
 Conjure Flame            Conj/Fire      7%         6-21      26%         3
 Vampiric Draining        Necr           3%         2d6       26%         3
 Agony                    Necr           7%         N/A       94%         5
 Excruciating Wounds      Necr           3%         N/A       94%         5
 Dragon Form              Tmut           3%         N/A       100%        7
 Summon Hydra             Summ           3%         N/A       100%        7
 Dragon's Call            Summ           3%         N/A       100%        9


Dungeon Overview and Level Annotations

Branches:
Dungeon (9/15)             Temple (1/1) D:6          Bailey (visited)
   Lair: D:8-11         Orc: D:9-12

Altars:
Ashenzari
Cheibriados
Dithmenos
Elyvilon
Fedhas
Gozag
Hepliaklqana
Kikubaaqudgha
Makhleb
Nemelex Xobeh
Okawaru
Qazlal
Ru
Sif Muna
Uskayaw
Vehumet
Wu Jian
Xom
Yredelemnul
Zin
The Shining One


Innate Abilities, Weirdness & Mutations

You are very small and have problems with some larger weapons.
You are too small for most types of armour.
You have supernaturally acute eyesight. (SInv)
You cover ground extremely quickly. (Speed+++)


Message History

The cyclops is moderately wounded.
The cyclops misses you.
You hit the cyclops.
The cyclops is moderately wounded.
The manticore completely misses you.
The manticore claws you but does no damage.
The manticore barely misses you.
You hit the cyclops.
The cyclops is heavily wounded.
You rip and tear the barbed spikes from your body.
The cyclops misses you. The manticore bites you. The manticore claws you!
* * * LOW HITPOINT WARNING * * *
The manticore closely misses you.
Unknown command.
You spin and attack the cyclops.
You puncture the cyclops!
The cyclops is severely wounded.
Unknown command.
You puncture the cyclops!
The cyclops is almost dead.
You hit the cyclops.
The cyclops is almost dead.
The slime creature misses you. The cyclops completely misses you.
You hit the cyclops.
You kill the cyclops!
The Council accepts your kill. The manticore closely misses you.
The manticore claws you but does no damage.
The manticore closely misses you. The slime creature barely misses you.
Training target 4.0 for Evocations reached!
Your Evocations skill increases to level 4!
You are too berserk!
There are no items here.
Unknown command.
You hit the manticore.
The manticore is lightly wounded.
Unknown command.
You hit the manticore.
The manticore is lightly wounded.
The manticore bites you!
You die...

#.....## #.J....#
##.>....# #..J...###
#.......# #......$#
#.......# ##...#.#J#
#.......###......#.#
#..<..........J#.#.#
#.......###.#.##.#.#
#...H...# #...##.#.#
#..@(...###.####(#..
####J####........###
####.####.....######
#......##.....#.....
#.##.#.##.....#.####
# ...#.##.....# ###
#.####.######## #..
#.####.######## #.#
#.............#.##.#


You could see a slime creature and a manticore.

Vanquished Creatures
  A two-headed ogre (D:8)
  A cyclops (D:12)
  Maggie (D:7)
  A hornet (D:8)
  A shadow (D:12)
  A basilisk (D:8)
  A steam dragon (D:8)
  2 acid dragons
  3 water moccasins
  3 orc warriors
  2 sky beasts
  2 black bears
  A boggart (D:5)
  2 ogres
  A phantom (D:4)
  A kobold brigand (D:8)
  4 bullfrogs
  A water moccasin zombie (D:7)
  3 scorpions
  6 killer bees (D:8)
  3 hounds
  A jelly (D:4)
  A centaur zombie (D:7)
  2 centaur skeletons
  2 orc priests
  A bullfrog skeleton (D:6)
  An iron imp (D:5)
  3 iguanas
  2 orc wizards (D:7)
  Terence (D:3)
  2 hound zombies (D:5)
  2 hound skeletons (D:4)
  3 gnolls
  11 adders
  A shadow imp (D:6)
  A white imp (D:8)
  An ufetubus (D:4)
  A worm (D:2)
  3 dart slugs
  14 orcs
  8 ball pythons
  8 endoplasms
  5 giant cockroaches
  7 goblins
  8 hobgoblins
  5 jackals (D:4)
  3 quokkas (D:4)
  6 bats
  2 frilled lizards
  25 kobolds
  6 rats
177 creatures vanquished.

Vanquished Creatures (collateral kills)
  Psyche (D:8)
  2 orc warriors (Bailey)
  2 ogres
  Ijyb (D:5)
  3 gnolls
  4 orcs (Bailey)
  3 goblins (Bailey)
  A kobold (Bailey)
17 creatures vanquished.

Vanquished Creatures (others)
  3 dancing weapons
3 creatures vanquished.

Grand Total: 197 creatures vanquished

Notes
Turn   | Place    | Note
-------+----------+-------------------------------------------
     0 | D:1      | quinnr the Spriggan Enchanter began the quest for the Orb.
     0 | D:1      | Reached XP level 1. HP: 9/9 MP: 5/5
   671 | D:1      | Reached XP level 2. HP: 13/13 MP: 3/6
  1026 | D:1      | Learned a level 2 spell: Ensorcelled Hibernation
  1430 | D:1      | Found a faded altar of an unknown god.
  1845 | D:2      | Reached skill level 4 in Hexes
  1920 | D:2      | Reached skill level 5 in Stealth
  1920 | D:2      | Reached XP level 3. HP: 16/16 MP: 5/8
  1933 | D:2      | Learned a level 3 spell: Tukima's Dance
  2191 | D:2      | Reached XP level 4. HP: 21/21 MP: 9/9
  3151 | D:3      | Found an iron altar of Okawaru.
  3217 | D:3      | Noticed an ogre
  3283 | D:3      | Noticed Terence
  3290 | D:3      | Killed Terence
  3291 | D:3      | Reached XP level 5. HP: 25/25 MP: 10/10
  3320 | D:3      | Reached skill level 5 in Hexes
  4399 | D:3      | Learned a level 4 spell: Leda's Liquefaction
  4404 | D:3      | Killed an ogre
  4405 | D:3      | Reached skill level 1 in Fighting
  4405 | D:3      | Reached XP level 6. HP: 30/30 MP: 8/11
  4868 | D:4      | Found a sparkling altar of Nemelex Xobeh.
  5084 | D:4      | Found a shimmering altar of Xom.
  5327 | D:4      | Reached skill level 1 in Earth Magic
  5463 | D:4      | Found a stormy altar of Qazlal.
  5845 | D:4      | Noticed a water moccasin
  5853 | D:4      | Killed a water moccasin
  6020 | D:4      | Reached skill level 5 in Dodging
  6020 | D:4      | Reached XP level 7. HP: 17/33 MP: 9/14
  6470 | D:5      | Entered Level 5 of the Dungeon
  6479 | D:4      | Reached skill level 6 in Hexes
  6880 | D:5      | Noticed Ijyb
  6901 | D:5      | Killed Ijyb
  7527 | D:5      | Reached skill level 5 in Spellcasting
  7700 | D:5      | Noticed Grinder
  7701 | D:5      | Noticed Grinder
  7701 | D:5      | Grinder changed into Grinder the iron imp
  7882 | D:5      | Reached XP level 8. HP: 33/37 MP: 9/16
  8216 | D:5      | Found a hazy altar of Hepliaklqana.
  8544 | D:5      | Killed Grinder the iron imp
  8795 | D:5      | Reached skill level 7 in Hexes
  9338 | D:6      | Reached skill level 8 in Hexes
  9339 | D:6      | quinnr: ??Leda's Liquefacation
  9339 | D:6      | beem: Leda's Liquefacation ~ leda's liquefaction[1/2]:
                  | Level 4 earth/hexes spell, found in the Book of Earth and
                  | Book of Debilitation. Generates a halo of "liquefied"
                  | ground around the caster. Moving on liquefied ground has a
                  | -3 player movement malus. Applies slow movement effect to
                  | monsters. Doesn't affect flying, clinging, insubstantials;
                  | cannot be cast by these.
  9339 | D:6      | quinnr: ??Leda's Liquefacation[2
  9339 | D:6      | beem: Leda's Liquefacation ~ leda's liquefaction[2/2]: You
                  | will see a lot of "Your unstable footing causes you to
                  | fumble your attack."
  9339 | D:6      | quinnr: ??Leda's Liquefacation[3
  9339 | D:6      | beem: I don't have a page labeled leda's_liquefaction[3] in
                  | my learndb.
  9441 | D:6      | Found a staircase to the Ecumenical Temple.
  9456 | D:6      | Reached skill level 9 in Hexes
  9460 | Temple   | Entered the Ecumenical Temple
  9565 | Temple   | Became a worshipper of the Wu Jian Council
  9878 | D:6      | Reached skill level 10 in Hexes
 10161 | D:7      | Found a flagged portal.
 10168 | Bailey   | Entered a bailey
 10430 | Bailey   | Learned a level 2 spell: Slow
 10434 | Bailey   | Learned a level 3 spell: Inner Flame
 10486 | Bailey   | Reached XP level 9. HP: 23/41 MP: 6/17
 11299 | D:7      | HP: 4/41 [poisoned by a water moccasin]
 11302 | D:7      | HP: 1/41 [poisoned by a water moccasin]
 12058 | D:7      | Noticed Maggie
 12062 | D:7      | Killed Maggie
 12063 | D:7      | Reached skill level 11 in Hexes
 12135 | D:7      | Reached * piety under Wu Jian
 13215 | D:8      | Learned a level 3 spell: Dazzling Flash
 13249 | D:8      | Noticed a two-headed ogre
 13260 | D:8      | Killed a two-headed ogre
 13367 | D:8      | Noticed Psyche
 14067 | D:8      | Reached skill level 1 in Evocations
 14068 | D:8      | Reached XP level 10. HP: 27/45 MP: 2/18
 14324 | D:8      | Reached skill level 12 in Hexes
 14529 | D:8      | Found a shadowy altar of Dithmenos.
 14614 | D:8      | Killed Psyche
 15195 | D:9      | You are sucked into a shaft and drop 3 floors!
 15196 | D:12     | Noticed a cyclops
 15200 | D:12     | Noticed a cyclops
 15265 | D:12     | Noticed a manticore
 15286 | D:12     | Killed a cyclops
 15288 | D:12     | Slain by a manticore

Illustrated notes

Levels and vault maps discovered:
D:1:      saegor_arrival_simple_e, layout_loops_ring,
          hellmonk_ecumenical_altar_heavens_door, st_stairs_10,
          minmay_shallow_snake_nest
D:2:      minmay_door_path, layout_rooms
D:3:      layout_basic, marbit_many_paths, dk_noncrumbling_2,
          serial_bayou_pond_e, uniq_terence
D:4:      layout_loops_corners, mainiacjoe_overflow_catwalk_spiral,
          mainiacjoe_overflow_24_doors
D:5:      minmay_skewed_foursquare, layout_rooms,
          worldfamousw_hep_ancestral_shrine, grunt_decor_resistance, uniq_ijyb,
          uniq_grinder
D:6:      layout_rooms, temple_fountains, grunt_ministairs_4
D:7:      layout_loops_corners, enter_bailey_1, uniq_maggie
D:8:      layout_gridville, nicolae_overflow_hidden_temple, minmay_circle_x,
          uniq_psyche
D:9:      layout_loops_ring, mainiacjoe_overflow_alcove_1, dpeg_oklobed_lair,
          minmay_misc_feat_four_crosses
D:12:     layout_loops_cross, nicolae_ru_awakened_eye, uniq_snorg
Temple:   minmay_freezing_vapour_temple

Skill      XL: |  1  2  3  4  5  6  7  8  9 10 |
---------------+-------------------------------+-----
Dodging        | 3 4 5 6 9 |  9.0
Hexes          | 4 5 6 10 11 12 | 12.4
Stealth        | 5 6 7 9 |  9.0
Spellcasting   | 3 4 5 6 |  6.8
Fighting       | 1 |  1.0
Short Blades   | 2 3 |  3.0
Earth Magic    | 1 3 4 |  4.0
Evocations     | 1 4 |  4.0

Action                   |  1- 3 |  4- 6 |  7- 9 | 10-12 || total
-------------------------+-------+-------+-------+-------++-------
Melee: Dagger            |    96 |   126 |   224 |    54 ||   500
       Short sword       |       |    80 |   123 |       ||   203
       Unarmed           |       |       |     3 |       ||     3
 Cast: Corona            |    29 |    10 |    29 |     1 ||    69
       Ensorcelled Hiber |     9 |    33 |    87 |    12 ||   141
       Tukima's Dance    |       |       |    21 |     1 ||    22
       Leda's Liquefacti |       |       |     9 |       ||     9
       Dazzling Flash    |       |       |     9 |    13 ||    22
       Slow              |       |       |     7 |     5 ||    12
       Inner Flame       |       |       |     2 |       ||     2
Invok: Lunge             |       |       |    12 |     2 ||    14
       Whirlwind         |       |       |       |     1 ||     1
Evoke: Wand              |       |     1 |    10 |     7 ||    18
  Use: Scroll            |       |       |    16 |     3 ||    19
       Potion            |       |       |       |     2 ||     2
 Stab: Sleeping          |    12 |    40 |    44 |     5 ||   101
       Invisible         |       |       |     2 |     6 ||     8
Armor: Robe              |     8 |    33 |    74 |     3 ||   118
Dodge: Dodged            |    48 |   169 |   293 |    49 ||   559
